 Dungeon Crawl Stone Soup version 0.30-a0-760-g5a9884bb7c (webtiles) character file.

Game seed: 224946371736320184

129 Darkkill the Shooter (level 4, 0/40 HPs)
             Began as a Minotaur Hunter on Feb 7, 2023.
             Slain by Sigmund
             ... wielding a +0 scythe
              (1 damage)
             ... on level 3 of the Dungeon on Feb 10, 2023.
             The game lasted 00:04:09 (1765 turns).

Darkkill the Shooter (Minotaur Hunter)              Turns: 1765, Time: 00:04:10

Health: 0/40       AC:  4    Str: 15    XL:     4   Next: 88%
Magic:  3/3        EV: 13    Int:  6    God:
Gold:   135        SH:  0    Dex: 16    Spells: 3/3 levels left

rFire   . . .      SeeInvis .    a - +0 shortbow
rCold   . . .      Faith    .    (shield currently unavailable)
rNeg    . . .      Spirit   .    c - +1 leather armour
rPois   .          Reflect  .    (helmet restricted)
rElec   .          Harm     .    (no cloak)
rCorr   .          Rampage  .    (no gloves)
Will    .....                    (no boots)
Stlth   +                        (no amulet)
HPRegen 0.26/turn                (no ring)
MPRegen 0.08/turn                (no ring)

@: confused
A: horns 2, retaliatory headbutt
a: no special abilities


You were on level 3 of the Dungeon.
You visited 1 branch of the dungeon, and saw 6 of its levels.

You collected 135 gold pieces.

Inventory:

Hand Weapons
 a - a +0 shortbow (weapon)
Missiles
 d - 6 poisoned darts
 g - 20 stones
Armour
 c - a +1 leather armour (worn)
Scrolls
 b - 2 scrolls of immolation
 i - a scroll of fog
 j - a scroll of enchant armour
 m - a scroll of identify {@r1}
Potions
 f - 2 potions of cancellation
 h - 2 potions of lignification
 k - a potion of ambrosia
 l - a potion of mutation


   Skills:
 + Level 3.7 Fighting
 + Level 5.1 Ranged Weapons
 + Level 3.4 Dodging
 + Level 2.1 Stealth


You had 3 spell levels left.
You didn't know any spells.
Your spell library contained the following spells:

 Spells                   Type           Power      Damage    Failure   Level
 Necrotise                Necr           0%         1d4       52%         1
 Vampiric Draining        Necr           0%         2d6       88%         3
 Agony                    Necr           0%         N/A       100%        5


Dungeon Overview and Level Annotations

Branches:
Dungeon (6/15)
 Temple: D:4-7

Altars:
Vehumet

Annotations:
D:3 Sigmund


Innate Abilities, Weirdness & Mutations

You have a pair of horns on your head.
You reflexively headbutt those who attack you in melee.


Message History

No target in view!
Found an escape hatch in the floor.
An endoplasm comes into view.
You shoot an arrow. The arrow hits the endoplasm!
You kill the endoplasm!
You hear a shout!
Sigmund the Dreaded comes into view.
He is wielding a +0 scythe.
Fire: a) +0 shortbow
Press: ? - help, Q - select action, (/) - cycle Shift-Dir - straight line, f - Sigmund
Aim: Sigmund, wielding a +0 scythe and wearing a +0 robe (60% to hit)
You shoot an arrow.
The arrow hits Sigmund but does no damage.
Sigmund gestures at you while chanting. The magic dart hits you.
Fire: a) +0 shortbow
Press: ? - help, Q - select action, (/) - cycle Shift-Dir - straight line, f/p - Sigmund
Aim: Sigmund, wielding a +0 scythe and wearing a +0 robe (60% to hit)
You shoot an arrow. The arrow completely misses Sigmund.
Fire: a) +0 shortbow
Press: ? - help, Q - select action, (/) - cycle Shift-Dir - straight line, f/p - Sigmund
Aim: Sigmund, wielding a +0 scythe and wearing a +0 robe (60% to hit)
You shoot an arrow. The arrow hits Sigmund.
Sigmund is moderately wounded.
Sigmund gestures at you while chanting. The puff of flame hits you!
Fire: a) +0 shortbow
Press: ? - help, Q - select action, (/) - cycle Shift-Dir - straight line, f/p - Sigmund
Aim: Sigmund, wielding a +0 scythe and wearing a +0 robe (moderately wounded, 60% to hit)
You shoot an arrow. The arrow closely misses Sigmund.
Fire: a) +0 shortbow
Press: ? - help, Q - select action, (/) - cycle Shift-Dir - straight line, f/p - Sigmund
Aim: Sigmund, wielding a +0 scythe and wearing a +0 robe (moderately wounded, 60% to hit)
You shoot an arrow. The arrow closely misses Sigmund.
Sigmund points at you and mumbles some strange words.
The puff of flame misses you.
Fire: a) +0 shortbow
Press: ? - help, Q - select action, (/) - cycle Shift-Dir - straight line, f/p - Sigmund
Aim: Sigmund, wielding a +0 scythe and wearing a +0 robe (moderately wounded, 60% to hit)
You shoot an arrow. The arrow hits Sigmund.
Sigmund is moderately wounded.
Sigmund closely misses you.
Fire: a) +0 shortbow
Press: ? - help, Q - select action, (/) - cycle Shift-Dir - straight line, f/p - Sigmund
Aim: Sigmund, wielding a +0 scythe and wearing a +0 robe (moderately wounded, 60% to hit)
You shoot an arrow. The arrow hits Sigmund.
Sigmund is heavily wounded.
Sigmund barely misses you.
Fire: a) +0 shortbow
Press: ? - help, Q - select action, (/) - cycle Shift-Dir - straight line, f/p - Sigmund
Aim: Sigmund, wielding a +0 scythe and wearing a +0 robe (heavily wounded, 60% to hit)
You shoot an arrow. The arrow hits Sigmund.
Sigmund is severely wounded.
Fire: a) +0 shortbow
Press: ? - help, Q - select action, (/) - cycle Shift-Dir - straight line, f/p - Sigmund
Aim: Sigmund, wielding a +0 scythe and wearing a +0 robe (severely wounded, 60% to hit)
You shoot an arrow. The arrow closely misses Sigmund.
Sigmund points at you and mumbles some strange words.
You are confused.
Sigmund casts a spell.
Sigmund flickers and vanishes!
Deactivating autopickup; reactivate with Ctrl-A.
Non-targeted confused fire: a) +0 shortbow
Press: ? - help, Q - select action, (/) - cycle Dir - look around, f - activate You shoot an arrow.
Something hits you!
Non-targeted confused fire: a) +0 shortbow
Press: ? - help, Q - select action, (/) - cycle Dir - look around, f - activate
Okay, then.
You bump into the rock wall.
Something hits you!
* * * LOW HITPOINT WARNING * * *
You feel better. Something hits you!
Fire: a) +0 shortbow
Press: ? - help, Q - select action, (/) - cycle Shift-Dir - straight line You shoot an arrow.
Something hits you but does no damage.
Fire: a) +0 shortbow
Press: ? - help, Q - select action, (/) - cycle Shift-Dir - straight line You shoot an arrow.
You hear some strange, mumbled words.
A puff of flame appears from out of thin air!
The puff of flame hits you!
* * * LOW HITPOINT WARNING * * *
Fire: a) +0 shortbow
Press: ? - help, Q - select action, (/) - cycle Shift-Dir - straight line You shoot an arrow.
You hear some strange, mumbled words.
You are confused.
Non-targeted confused fire: a) +0 shortbow
Press: ? - help, Q - select action, (/) - cycle Dir - look around, f - activate You shoot an arrow.
You hear some strange, mumbled words.
A magic dart appears from out of thin air!
The magic dart hits you!
* * * LOW HITPOINT WARNING * * *
Non-targeted confused fire: a) +0 shortbow
Press: ? - help, Q - select action, (/) - cycle Dir - look around, f - activate You shoot an arrow.
Something hits you.
You die...

.....##### ...#.# ##..
..##.# .... ...#.# #.
...# ^..#.# #.# #..
[....# #..###... ...###
#.....#.###.# .<.#
#.#....{....# ...#
#......@########
...#######.......##.....#
.................##...>.#
...........#...#........#
...............#.##.....#
...######.##...#.##.....#
...# # ###.#.########
...# #.#.# .#.# #>#.#


There were no monsters in sight!

Vanquished Creatures
  Terence (D:3)
  An orc wizard (D:4)
  3 adders
  3 worms (D:2)
  A dart slug (D:1)
  An orc (D:3)
  4 endoplasms
  2 giant cockroaches
  3 goblins
  2 hobgoblins
  3 quokkas
  3 ball pythons
  4 bats
  5 frilled lizards
  4 kobolds
  3 rats
43 creatures vanquished.

Vanquished Creatures (others)
  A plant (D:1)
1 creature vanquished.

Grand Total: 44 creatures vanquished

Notes
Turn   | Place    | Note
-------+----------+-------------------------------------------
     0 | D:1      | Darkkill the Minotaur Hunter began the quest for the Orb.
     0 | D:1      | Reached XP level 1. HP: 18/18 MP: 0/0
   188 | D:1      | Found a faded altar of an unknown god.
   239 | D:1      | Reached skill level 1 in Stealth
   292 | D:1      | Reached XP level 2. HP: 21/25 MP: 1/1
   809 | D:1      | Upgraded the game from 0.30-a0-743-gbfdf073431 to
                  | 0.30-a0-760-g5a9884bb7c
   864 | D:2      | Reached XP level 3. HP: 24/31 MP: 2/2
  1448 | D:3      | Noticed Terence
  1465 | D:3      | Killed Terence
  1466 | D:3      | Reached XP level 4. HP: 34/38 MP: 3/3
  1545 | D:3      | Found a radiant altar of Vehumet.
  1621 | D:3      | You fall into a shaft and drop 3 floors!
  1655 | D:6      | Noticed a sky beast
  1673 | D:5      | Entered Level 5 of the Dungeon
  1694 | D:4      | HP: 6/38 [orc wizard/puff of flame (7)]
  1696 | D:4      | Reached skill level 5 in Ranged Weapons
  1746 | D:3      | Noticed Sigmund
  1762 | D:3      | HP: 7/40 [something/puff of flame (9)]
  1764 | D:3      | HP: 1/40 [something/magic dart (7)]
  1765 | D:3      | Slain by Sigmund

Illustrated notes

Levels and vault maps discovered:
D:1:      zelgadis_glass_arrival_small, layout_loops_cross,
          shapermc_ecumenical_altar_acropolis, corexii_leaking_fountain,
          nrook_mini_vaults, kennysheep_nondescript, minmay_misc_feat_iff
D:2:      layout_rooms, glass_columns_a, kennysheep_generic_room_10
D:3:      layout_loops_cross, mainiacjoe_overflow_alcove_2,
          cheibrodos_gnoll_hut, uniq_natasha, uniq_sigmund, uniq_terence
D:4:      layout_basic, mainiacjoe_overflow_divided_tiny, uniq_menkaure,
          uniq_eustachio, uniq_crazy_yiuf_cottage
D:5:      kennysheep_spiral_hall, layout_gridville, general_overflow_altar,
          minmay_temple_entry_butterflies, serial_shops, nicolae_shop_trees,
          portal_sewer_entry_e, uniq_blork_the_orc
D:6:      layout_loops_ring, mainiacjoe_overflow_swirl,
          nicolae_ru_great_annihilating_truth, uniq_pikel

Skill      XL: |  1  2  3  4 |
---------------+-------------+-----
Stealth        | 1 2 |  2.1
Fighting       | 3 |  3.7
Dodging        | 3 |  3.4
Ranged Weapons | 5 |  5.1

Action                     |  1- 3 |  4- 6 || total
---------------------------+-------+-------++-------
   Fire: Shortbow          |   132 |    41 ||   173
    Use: Scroll            |    10 |       ||    10
         Potion            |     1 |     2 ||     3
 Armour: Leather armour    |    17 |     8 ||    25
  Dodge: Dodged            |    37 |    21 ||    58

Table legend: (Time is in decaauts)
 A = Elapsed time spent in this place.
 B = Non-inter-level travel time spent in this place.
 C = Inter-level travel time spent in this place.
 D = Time resting spent in this place.
 E = Time spent auto-exploring this place.
 F = Levels seen in this place.
 G = Mean time per level.
                   A        B        C        D        E       F      G
               +--------+--------+--------+--------+--------+-----+--------+
         Total |   1816 |   1767 |     49 |      0 |   1338 |   6 |  302.7 |
       Dungeon |   1816 |   1767 |     49 |      0 |   1338 |   6 |  302.7 |
               +--------+--------+--------+--------+--------+-----+--------+

Top non-repeatable levels by time:
     D:1: 831 daAuts
     D:2: 500 daAuts
     D:3: 382 daAuts
     D:6: 51 daAuts
     D:4: 44 daAuts
     D:5: 6 daAuts

Table legend:
 A = Kills in this place as a percentage of kills in entire the game.
 B = Kills by you in this place as a percentage of kills by you in the entire game.
 C = Kills by friends in this place as a percentage of kills by friends in the entire game.
 D = Other kills in this place as a percentage of other kills in the entire game.
 E = Experience gained in this place as a percentage of experience gained in the entire game.
 F = Experience gained in this place divided by the number of levels of this place that you have seen.
                   A       B       C       D       E      F
               +-------+-------+-------+-------+-------+----------------------
         Total | 100.0 | 100.0 |   N/A |   N/A | 100.0 |  30.8
       Dungeon | 100.0 | 100.0 |   N/A |   N/A | 100.0 |  30.8
               +-------+-------+-------+-------+-------+----------------------
